 Dungeon Crawl Stone Soup version 0.31.0-32-g396128a36d (webtiles) character file.

Game seed: 15805102681511654578

32179 AarnesTheHuman the Cleaver (level 13, -3/117 HPs)
             Began as a Minotaur Berserker on Apr 19, 2024.
             Was a High Priest of Trog.
             Killed from afar by a swamp worm (14 damage)
             ... with a harpoon shot
             ... on level 4 of the Lair of Beasts.
             The game lasted 00:33:25 (15592 turns).

AarnesTheHuman the Cleaver (Minotaur Berserker)    Turns: 15592, Time: 00:33:25

Health: -3/117     AC: 13    Str: 24    XL:     13   Next: 30%
Magic:  12/12      EV: 18    Int: 10    God:    Trog [*****.]
Gold:   760        SH:  0    Dex: 10    Spells: 12/12 levels left

rFire   + + .        a - +5 hand axe (protect)
rCold   + . .        (no shield)
rNeg    . . .        H - +3 scale mail {rPois}
rPois   +            (helmet restricted)
rElec   .            (no cloak)
rCorr   +            (no gloves)
SInv    .            s - +0 pair of boots "Uwas" {Rampage rF+ Int+3}
Will    .....        v - amulet of faith Stlth
                     r - +5 ring of evasion
HPRegen 0.39/turn    J - ring "Buotukipn" {rF+ rC+ rCorr Str-3 Int+3}
MPRegen 0.13/turn

%: rampage, faith
@: studying 2 skills
A: horns 2, retaliatory headbutt
a: Renounce Religion, Berserk, Trog's Hand, Brothers in Arms


You were on level 4 of the Lair of Beasts.
You worshipped Trog.
Trog was extremely pleased with you.
You visited 2 branches of the dungeon, and saw 14 of its levels.

You collected 760 gold pieces.

Inventory:

Hand Weapons
 a - a +5 hand axe of protection (weapon)
 b - the +10 arbalest of Disarray {penet, Dex+4}
   (You found it on level 1 of the Lair of Beasts)

   Dex+4:     It affects your dexterity (+4).
 e - a +1 whip of flaming
 i - a +2 antimagic war axe
 B - a +0 short sword of venom
 L - the +5 trident of Glory {venom, rElec Dex+4}
   (You took it off a gnoll sergeant on level 7 of the Dungeon)

   Dex+4:     It affects your dexterity (+4).
   rElec:     It insulates you from electricity.
Missiles
 c - 175 stones
 d - 39 poisoned darts (quivered)
 n - 2 datura-tipped darts
 o - 4 throwing nets
 w - 4 curare-tipped darts
Armour
 s - the +0 pair of boots "Uwas" (worn) {Rampage rF+ Int+3}
   (You found it on level 3 of the Dungeon)

   Int+3:     It affects your intelligence (+3).
   rF+:       It protects you from fire.
   Rampage:   It bestows one free step when moving towards enemies.
 H - a +3 scale mail of poison resistance (worn)
 M - the +3 kite shield "Put-Me-On" {Str+3 Dex+5}
   (You took it off a gnoll sergeant on level 7 of the Dungeon)

   Str+3:     It affects your strength (+3).
   Dex+5:     It affects your dexterity (+5).
Jewellery
 h - a ring of flight
 r - a +5 ring of evasion (left hand)
 v - an amulet of faith (around neck)
 C - a +6 ring of intelligence
 J - the ring "Buotukipn" (right hand) {rF+ rC+ rCorr Str-3 Int+3}
   (You took it off a gnoll sergeant on level 7 of the Dungeon)

   [ring of protection from fire]

   Str-3:     It affects your strength (-3).
   Int+3:     It affects your intelligence (+3).
   rF+:       It protects you from fire.
   rC+:       It protects you from cold.
   rCorr:     It protects you from acid and corrosion.
Wands
 E - a wand of flame (9)
 I - a wand of quicksilver (9)
 K - a wand of polymorph (6)
 P - a wand of roots (4)
Scrolls
 j - 7 scrolls of teleportation
 u - 2 scrolls of fear
 x - 6 scrolls of blinking
 y - a scroll of enchant weapon
 N - a scroll of enchant armour
 O - 3 scrolls of identify
 Q - a scroll of torment
 R - a scroll of butterflies
Potions
 f - a potion of haste
 g - a potion of ambrosia {unknown}
 k - a potion of magic
 l - 2 potions of enlightenment
 m - a potion of attraction {unknown}
 p - 4 potions of lignification
 q - 2 potions of heal wounds
 t - 2 potions of mutation
 z - 3 potions of invisibility
 A - 5 potions of curing
 F - a potion of resistance {unknown}
 G - 2 potions of berserk rage {unknown}
Miscellaneous
 D - a lightning rod (4/4)
 S - a tin of tremorstones (2/2)


   Skills:
 + Level 11.8 Fighting
 - Level 14.0 Axes
 + Level 11.0 Ranged Weapons
 + Level 11.2 Armour
 - Level 8.2 Dodging
 - Level 9.0 Shields
 - Level 7.0 Evocations


You had 12 spell levels left.
You didn't know any spells.
Your spell library was empty.

Dungeon Overview and Level Annotations

Branches:
Dungeon (10/15)            Temple (0/1) D:6            Lair (4/5) D:9
 Shoals (0/4) Lair:3       Spider (0/4) Lair:3
  Slime: Lair:4-5       Orc: D:9-12

Altars:
Elyvilon
Fedhas
Hepliaklqana
Okawaru
Wu Jian
Yredelemnul

Shops:
D:3 !   D:7 *

Annotations:
Lair:3 exclusion: downstairs
Lair:4 1 transporter


Innate Abilities, Weirdness & Mutations

You have a pair of horns on your head.
You reflexively headbutt those who attack you in melee.


Message History

You are engulfed in dark miasma.
The swamp worm fires a harpoon shot at you.
The harpoon shot misses you.
The swamp worm fires a harpoon shot at you.
The harpoon shot misses you.
The swamp worm fires a harpoon shot at you.
The harpoon shot misses you.
The swamp worm fires a harpoon shot at you.
The harpoon shot hits you but does no damage.
Okay, then.
Unknown command.
Your +5 hand axe of protection hums with potential!
a - a +5 hand axe of protection (weapon)
The swamp worm fires a harpoon shot at you.
The harpoon shot hits you!
You are yanked forward by the harpoon shot.
You collide with the briar patch!
The briar patch is destroyed!
* * * LOW HITPOINT WARNING * * *
You become entangled in the net!
You feel much better.
You struggle against the net.
The swamp worm fires a harpoon shot at you.
The harpoon shot hits you!
You are yanked forward by the harpoon shot.
You violently stop moving!
You are engulfed in dark miasma.
* * * LOW HITPOINT WARNING * * *
The swamp worm fires a harpoon shot at you.
The harpoon shot hits you but does no damage.
The swamp worm fires a harpoon shot at you.
The harpoon shot hits you.
* * * LOW HITPOINT WARNING * * *
You are yanked forward by the harpoon shot.
You violently stop moving!
* * * LOW HITPOINT WARNING * * *
You open the door.
The swamp worm fires a harpoon shot at you.
The harpoon shot hits you!
You die...

.................................
.............................#...
............................##P..
............................###..
................©...........###..
.....^........#####..........#...
..............#[©=#..............
..............#(!)#............P#
............####@####..........##
............##§P○.≈w#...###..####
............#w§.^P≈##...##.#.# #
###P#.......###§^P≈♣#..####### ##
# ###.#..##.#♣≈P^☼###.## ### #. #
###.###.##§P^P§w#.####.## ##. ###
#.#w≈P^P§##..#....###..
#.##≈.^P§♣#........#..#
#.###P©P###.##.###....#


You could see 4 swamp worms.

Vanquished Creatures
  A catoblepas (Lair:1)
  A two-headed ogre (D:9)
  6 death yaks
  A skyshark (Lair:3)
  A pharaoh ant (Lair:3)
  Pikel (D:8)
  The ghost of Route97 the Skirmisher, a novice GnHu of Okawaru (D:5)
  The ghost of riffraff the Shooter, a novice OpSh of Gozag (D:7)
  3 elephants (Lair:2)
  3 black mambas
  Joseph (D:9)
  5 cane toads
  Jeremiah (Lair:1)
  7 komodo dragons
  2 rime drakes
  A polar bear (Lair:4)
  2 tarantellas (Lair:3)
  A snapping turtle (Lair:3)
  Sigmund (D:2)
  19 blink frogs
  A water elemental (Lair:3)
  A wraith (D:9)
  4 wyverns
  2 shadows
  28 yaks
  3 steam dragons
  A basilisk (Lair:2)
  A vampire mosquito (D:8)
  A redback (Lair:3)
  9 water moccasins
  2 ice beasts
  7 sky beasts
  5 orc warriors
  2 black bears (D:5)
  2 ogres
  12 wolves
  2 centaurs
  3 kobold brigands
  3 gnoll sergeants
  12 bullfrogs
  Blork the orc (D:6)
  4 scorpions
  10 wights
  11 killer bees
  2 electric eels (Lair:3)
  2 bombardier beetles
  2 jellies
  2 hounds
  2 gnoll boudas (D:7)
  2 orc priests
  A sleepcap (D:6)
  5 iguanas
  5 orc wizards
  12 gnolls
  6 adders
  3 white imps
  4 ribbon worms
  A dart slug (D:2)
  30 orcs
  5 endoplasms
  5 giant cockroaches
  7 goblins
  8 hobgoblins
  4 jackals
  3 kobolds
  4 quokkas
  10 ball pythons
  5 bats
  3 frilled lizards (D:1)
  7 rats
326 creatures vanquished.

Vanquished Creatures (collateral kills)
  A skyshark (Lair:3)
  A polar bear (Lair:3)
  A yak (Lair:1)
  Grum (D:7)
  2 wolves (D:7)
  2 gnoll sergeants (D:7)
  5 gnolls (D:7)
13 creatures vanquished.

Grand Total: 339 creatures vanquished

Notes
Turn   | Place    | Note
-------+----------+-------------------------------------------
     0 | D:1      | AarnesTheHuman the Minotaur Berserker began the quest for
                  | the Orb.
     0 | D:1      | Reached XP level 1. HP: 19/19 MP: 0/0
   219 | D:1      | Reached skill level 4 in Axes
   353 | D:1      | Reached XP level 2. HP: 24/26 MP: 1/1
   596 | D:1      | Reached ** piety under Trog
   636 | D:1      | Reached skill level 5 in Axes
   937 | D:2      | Reached XP level 3. HP: 31/31 MP: 2/2
   961 | D:2      | Noticed Sigmund
   973 | D:2      | Killed Sigmund
   974 | D:2      | Reached skill level 6 in Axes
   974 | D:2      | Reached XP level 4. HP: 31/40 MP: 3/3
   974 | D:2      | Reached XP level 5. HP: 35/46 MP: 4/4
  1198 | D:2      | Found a faded altar of an unknown god.
  1841 | D:3      | Found Qeepsot's Distillery.
  2009 | D:3      | Found a basalt altar of Yredelemnul.
  2025 | D:3      | Reached XP level 6. HP: 50/53 MP: 5/5
  2091 | D:3      | Identified the +0 pair of boots "Uwas" {Rampage rF+ Int+3}
  2281 | D:3      | Identified the +3 leather armour of the Bull {rN+}
  2416 | D:3      | Found an iron altar of Okawaru.
  2618 | D:3      | Found a blossoming altar of Fedhas.
  2618 | D:3      | Found an ornate altar of the Wu Jian Council.
  2964 | D:4      | Reached skill level 5 in Fighting
  3069 | D:4      | Reached skill level 7 in Axes
  3109 | D:4      | Reached XP level 7. HP: 59/61 MP: 6/6
  3183 | D:5      | Entered Level 5 of the Dungeon
  3363 | D:5      | Reached *** piety under Trog
  3505 | D:5      | Reached skill level 5 in Armour
  3634 | D:5      | Found a runed translucent door.
  3726 | D:5      | Noticed Route97's ghost (novice GnHu)
  3747 | D:5      | Killed Route97's ghost
  3748 | D:5      | Reached skill level 8 in Axes
  3748 | D:5      | Reached skill level 5 in Dodging
  3748 | D:5      | Reached XP level 8. HP: 71/71 MP: 7/7
  4054 | D:6      | Noticed Blork the orc
  4060 | D:6      | Killed Blork the orc
  4128 | D:6      | Reached skill level 9 in Axes
  4128 | D:6      | Reached XP level 9. HP: 74/79 MP: 8/8
  4470 | D:6      | Reached **** piety under Trog
  4631 | D:6      | Found a staircase to the Ecumenical Temple.
  5020 | D:7      | Found Hayffuor's Magic Scroll Shop.
  5077 | D:7      | Identified the +1 spear of Sogosous {elec, ^Drain rN++
                  | SInv}
  5356 | D:7      | Found a transporter.
  5360 | D:7      | Identified the +5 trident of Glory {venom, rElec Dex+4}
  5360 | D:7      | Identified the +0 ring mail "Xiphopann" {rC+}
  5360 | D:7      | Identified the +3 kite shield "Put-Me-On" {Str+3 Dex+5}
  5367 | D:7      | Identified the ring "Buotukipn" {rF+ rC+ rCorr Str-3 Int+3}
  5376 | D:7      | Noticed Grum
  5601 | D:7      | Found Jazilo's Overcharged Wands.
  5764 | D:7      | Found a transporter.
  5980 | D:7      | Reached skill level 10 in Axes
  6121 | D:8      | Reached XP level 10. HP: 86/91 MP: 9/9
  6932 | D:8      | Reached skill level 1 in Shields
  7162 | D:8      | Reached ***** piety under Trog
  7240 | D:8      | Reached skill level 5 in Shields
  7350 | D:9      | Noticed Joseph
  7367 | D:9      | Killed Joseph
  7368 | D:9      | Reached skill level 1 in Evocations
  7578 | D:9      | Noticed Pikel
  7595 | D:8      | Killed Pikel
  7679 | D:9      | Found a white marble altar of Elyvilon.
  7785 | D:9      | Found a staircase to the Lair.
  7822 | D:9      | Reached skill level 5 in Evocations
  7822 | D:9      | Reached XP level 11. HP: 97/97 MP: 10/10
  8045 | D:9      | Found a transporter.
  8428 | D:9      | Noticed a two-headed ogre
  8445 | D:9      | Killed a two-headed ogre
  8835 | D:9      | Reached skill level 11 in Axes
  8892 | D:9      | Found a hazy altar of Hepliaklqana.
  8966 | D:9      | Identified a scroll of acquirement
  8966 | D:9      | Acquired a manual of Shields
  8978 | D:10     | Entered Level 10 of the Dungeon
  8987 | D:10     | Received a gift from Trog
  9006 | D:10     | Reached skill level 10 in Fighting
  9305 | D:7      | Noticed riffraff's ghost (novice OpSh)
  9317 | D:7      | Killed Grum
  9347 | D:7      | Killed riffraff's ghost
  9521 | Lair:1   | Entered Level 1 of the Lair of Beasts
  9715 | Lair:1   | Reached skill level 10 in Armour
  9792 | Lair:1   | Reached skill level 12 in Axes
  9805 | Lair:1   | Identified the +10 arbalest of Disarray {penet, Dex+4}
 10055 | Lair:1   | Reached skill level 1 in Ranged Weapons
 10185 | Lair:1   | Reached XP level 12. HP: 74/108 MP: 11/11
 10190 | Lair:1   | Noticed Jeremiah
 10216 | Lair:1   | Killed Jeremiah
 10918 | Lair:2   | Noticed a catoblepas
 10994 | Lair:1   | Killed a catoblepas
 10995 | Lair:1   | Reached skill level 5 in Ranged Weapons
 12133 | Lair:2   | Identified the +0 helmet "Deaphup" {+Blink rPois Regen+}
 12773 | Lair:3   | Noticed a death yak
 12773 | Lair:3   | Noticed a death yak
 12774 | Lair:3   | Noticed a death yak
 12795 | Lair:2   | Killed a death yak
 12796 | Lair:2   | Reached skill level 10 in Ranged Weapons
 12970 | Lair:2   | Killed a death yak
 13043 | Lair:3   | Killed a death yak
 13285 | Lair:3   | Received a gift from Trog
 13507 | Lair:3   | Found a hole to the Spider Nest.
 13511 | Lair:3   | Reached skill level 13 in Axes
 13757 | Lair:3   | Found a staircase to the Shoals.
 13780 | Lair:3   | Reached XP level 13. HP: 95/116 MP: 12/12
 15178 | Lair:4   | Found a transporter.
 15239 | Lair:4   | Found a transporter.
 15475 | Lair:4   | Reached skill level 14 in Axes
 15592 | Lair:4   | Killed from afar by a swamp worm

Illustrated notes

Levels and vault maps discovered:
D:1:      dpeg_arrival_tiny_e, layout_loops_cross, chequers_garden
D:2:      layout_loops_corners, ebering_ecumenical_altar_ruins, uniq_sigmund
D:3:      layout_loops_ring, lemuel_doored_altar, okawaru_ov_weapons_minmay,
          gammafunk_temple_overflow_elements, serial_shops, shop,
          amethyst_killhole
D:4:      layout_rooms, kennysheep_generic_room_11
D:5:      layout_loops_ring, ebering_ghost_sewer_d
D:6:      layout_basic, temple_green, minmay_quadrilaterals, uniq_blork_the_orc
D:7:      layout_loops_corners, serial_shops, nicolae_shop_trees,
          gammafunk_ghost_gnarly_gnolls, nicolae_shop_overcharged_wands
D:8:      kennysheep_windowed_halls, layout_rooms
D:9:      kennysheep_blocky_hall, layout_long_grid, nzn_hepliaklqana_mist_gate,
          mainiacjoe_overflow_cross_hatched, nicolae_diode_basic, uniq_joseph,
          uniq_pikel
D:10:     layout_basic, uniq_josephine
Lair:1:   layout_hall_layers, grunt_megastairs_4, uniq_jeremiah
Lair:2:   layout_cellular_growth
Lair:3:   layout_small_grid, minmay_shoals_entry_hut,
          nicolae_spider_entry_lesser_pyramids
Lair:4:   gammafunk_worm_tunnel, layout_cave_shapes, lemuel_fruit_tree

Skill      XL: |  1  2  3  4  5  6  7  8  9 10 11 12 13 |
---------------+----------------------------------------+-----
Axes           | 4 5 6 7 8 9 10 12 13 14 | 14.0
Fighting       | 4 5 6 7 9 10 11 | 11.8
Armour         | 3 4 6 7 8 9 10 11 | 11.2
Dodging        | 3 4 5 6 8 |  8.2
Shields        | 7 9 |  9.0
Evocations     | 5 6 7 |  7.0
Ranged Weapons | 3 10 11 | 11.0

Action                     |  1- 3 |  4- 6 |  7- 9 | 10-12 | 13-15 || total
---------------------------+-------+-------+-------+-------+-------++-------
  Melee: Hand axe          |    61 |   103 |   270 |   641 |    27 ||  1102
         Headbutt          |     6 |    20 |    40 |   151 |     6 ||   223
         Punch             |       |       |     3 |     2 |     1 ||     6
   Fire: Arbalest          |       |       |       |   104 |    73 ||   177
  Throw: Dart              |     3 |       |       |    10 |       ||    13
         Throwing net      |     1 |       |       |     2 |       ||     3
 Invoke: Trog's Hand       |     1 |       |       |       |       ||     1
         Berserk           |       |       |     1 |       |       ||     1
         Brothers in Arms  |       |       |       |     2 |     2 ||     4
    Use: Scroll            |       |     7 |     5 |    12 |       ||    24
         Potion            |       |       |       |       |     1 ||     1
 Armour: Animal skin       |     6 |       |       |       |       ||     6
         Ring mail         |     4 |       |       |       |       ||     4
         Chain mail        |    30 |    54 |   127 |   117 |       ||   328
         Scale mail        |       |       |       |   207 |    94 ||   301
  Dodge: Dodged            |    23 |    39 |   179 |   354 |   105 ||   700
  Block: Kite shield       |       |       |       |   194 |       ||   194
